 Dungeon Crawl Stone Soup version 0.30-a0-457-g4b7bca3bfa (webtiles) character file.

Game seed: 15905949588546520231

558515 Armakuni the Vampiric Blade (level 25, -11/174 HPs)
             Began as a Vampire Gladiator on Dec 11, 2022.
             Was a High Priest of Makhleb.
             Mangled by a doom hound (20 damage)
             ... led by Grunn
             ... on level 3 of the Crypt on Dec 13, 2022.
             The game lasted 04:30:23 (62483 turns).

Armakuni the Vampiric Blade (Vampire Gladiator)    Turns: 62483, Time: 04:30:23

Health: -11/174    AC: 32    Str: 19    XL:     25   Next: 27%
Magic:  34/34      EV: 11    Int: 17    God:    Makhleb [*****.]
Gold:   4964       SH: 24    Dex: 29    Spells: 11/30 levels left

rFire   + + .      SeeInvis +    a - +9 double sword (freeze)
rCold   + + +      Faith    .    e - +3 kite shield {reflect}
rNeg    + + +      Spirit   .    i - +0 gold dragon scales
rPois   ∞          Reflect  +    y - +2 hood of the Assassin {Detection Stab+ Stlth++}
rElec   +          Harm     .    K - +2 cloak {Will+}
rCorr   .          Rampage  .    Q - +0 pair of gloves of Idah {rC+ Str+2 Dex+3 Stlth+}
Will    +++..                    m - +2 pair of boots
Stlth   +++.......               H - amulet of reflection
HPRegen 0.00/turn                S - ring "Hafemp" {rF+ Slay+5}
MPRegen 0.24/turn                E - ring "Lyramm" {rElec Int+3 Dex+6}

@: about to teleport, doom-hounded, bloodless, inhibited regen, studying 3
skills
A: bloodless, fangs 3, see invisible, vampiric 2, horns 1, talons 1, iridescent
scales 1, robust 1
}: 3/15 runes: serpentine, barnacled, silver
a: Bat Form, Revivify, Renounce Religion, Minor Destruction, Lesser Servant of
Makhleb, Major Destruction, Greater Servant of Makhleb


You were on level 3 of the Crypt.
You worshipped Makhleb.
Makhleb was extremely pleased with you.
You visited 10 branches of the dungeon, and saw 46 of its levels.
You visited 1 bazaar.
You also visited: Bailey, Gauntlet, Volcano and Wizlab.

You collected 9091 gold pieces.
You spent 4127 gold pieces at shops.

Inventory:

Hand Weapons
 a - a +9 double sword of freezing (weapon)
 b - the +9 double sword "Iwnoh" {pain, rPois rF+ Int-3 Stlth+}
   (You took it off a spriggan air mage on level 2 of the Depths)

   In the hands of one skilled in necromantic magic, it inflicts extra damage on
   living creatures.
   Int:       It affects your intelligence (-3).
   rF:        It protects you from fire.
   rPois:     It protects you from poison.
   Stlth:     It makes you more stealthy.
Armour
 e - a +3 kite shield of reflection (worn)
 i - +0 gold dragon scales (worn)
 m - a +2 pair of boots (worn)
 w - the +1 hat of the Zebra {rC++ Will- Int+3 Dex+4}
   (You acquired it on level 2 of the Crypt)

   Int:       It affects your intelligence (+3).
   Dex:       It affects your dexterity (+4).
   rC:        It greatly protects you from cold.
   Will:      It decreases your willpower.
 y - the +2 hood of the Assassin (worn) {Detection Stab+ Stlth++}
   (You found it on level 5 of the Vaults)

   It allows the wearer to sense nearby creatures.
   It allows the wearer to make particularly effective stabbing attacks against
   helpless or unaware enemies with any weapon.
   Stlth:     It makes you much more stealthy.
 K - a +2 cloak of willpower (worn)
 Q - the +0 pair of gloves of Idah (worn) {rC+ Str+2 Dex+3 Stlth+}
   (You bought it in a shop on level 3 of the Snake Pit)

   Str:       It affects your strength (+2).
   Dex:       It affects your dexterity (+3).
   rC:        It protects you from cold.
   Stlth:     It makes you more stealthy.
Jewellery
 E - the ring "Lyramm" (right hand) {rElec Int+3 Dex+6}
   (You found it in a wizard's laboratory)

   [ring of dexterity]

   Int:       It affects your intelligence (+3).
   Dex:       It affects your dexterity (+6).
   rElec:     It insulates you from electricity.
 H - an amulet of reflection (around neck)
 S - the ring "Hafemp" (left hand) {rF+ Slay+5}
   (You took it off a deep elf master archer on level 3 of the Elven Halls)

   [ring of protection from fire]

   Slay:      It affects your accuracy & damage with ranged weapons and melee
   (+5).
   rF:        It protects you from fire.
Wands
 f - a wand of iceblast (5)
 k - a wand of digging (11)
 p - a wand of polymorph (8)
 v - a wand of flame (61)
 z - a wand of charming (16)
 I - a wand of mindburst (20)
Scrolls
 d - 6 scrolls of amnesia
 n - 12 scrolls of teleportation
 q - a scroll of silence
 t - 10 scrolls of fog
 u - 3 scrolls of fear
 A - 4 scrolls of magic mapping
 D - 5 scrolls of vulnerability
 G - a scroll of enchant weapon
 R - 8 scrolls of poison
 T - a scroll of summoning
 U - 3 scrolls of immolation
 V - 5 scrolls of torment
 X - 2 scrolls of brand weapon
Potions
 g - 5 potions of heal wounds
 h - 4 potions of magic
 j - a potion of berserk rage
 o - 7 potions of flight
 r - 17 potions of curing
 s - 6 potions of brilliance
 x - 5 potions of mutation
 B - 3 potions of cancellation
 C - 5 potions of haste
 J - 6 potions of resistance
 L - 5 potions of might
 M - a potion of invisibility
 O - 3 potions of ambrosia
 P - 8 potions of lignification
Miscellaneous
 c - a condenser vane (inert)
 l - a box of beasts
 F - a phantom mirror
 N - a tin of tremorstones (inert)
 Y - a lightning rod (4/4)


   Skills:
 - Level 15.0 Fighting
 - Level 14.0(22.2) Short Blades
 - Level 25.2(26.2) Long Blades
 - Level 3.0 Maces & Flails
 - Level 1.5 Throwing
 * Level 14.2 Armour
 + Level 13.6 Dodging
 - Level 10.0 Stealth
 - Level 15.0 Shields
 - Level 3.0 Spellcasting
 - Level 12.0 Hexes
 - Level 12.8 Transmutations
 - Level 15.4 Invocations
 - Level 6.0 Evocations


You had 11 spell levels left.
You knew the following spells:

 Your Spells              Type           Power      Damage    Failure   Level
d - Dazzling Flash        Conj/Hex       44%        N/A       99%         3
f - Cause Fear            Hex            21%        N/A       83%         4
i - Irradiate             Conj/Tmut      12%        3d15      100%        5
w - Wereblood             Tmut           46%        N/A       17%         2
y - Yara's Violent Unrav  Hex/Tmut       22%        3d10      98%         5

Your spell library contained the following spells:

 Spells                   Type           Power      Damage    Failure   Level
 Beastly Appendage        Tmut           92%        N/A       11%         1
 Ensorcelled Hibernation  Hex/Ice        44%        N/A       95%         2
 Blade Hands              Tmut           23%        N/A       97%         5
 Inner Flame              Hex/Fire       22%        N/A       99%         3
 Spider Form              Tmut/Pois      24%        N/A       99%         3
 Freeze                   Ice            8%         1d3       100%        1
 Magic Dart               Conj           8%         1d3       100%        1
 Shock                    Conj/Air       8%         1d3       100%        1
 Call Imp                 Summ           2%         N/A       100%        2
 Scorch                   Fire           4%         2d5       100%        2
 Sublimation of Blood     Necr           2%         N/A       100%        2
 Frozen Ramparts          Ice            4%         1d1       100%        3
 Gell's Gravitas          Tloc           2%         N/A       100%        3
 Hailstorm                Conj/Ice       2%         3d3       100%        3
 Kindle Blastsparks       Fire/Tloc/Air  4%         2d10      100%        3
 Lesser Beckoning         Tloc           4%         N/A       100%        3
 Mephitic Cloud           Conj/Pois/Air  2%         N/A       100%        3
 Ozocubu's Armour         Ice            2%         N/A       100%        3
 Stone Arrow              Conj/Erth      4%         3d7       100%        3
 Swiftness                Air            2%         N/A       100%        3
 Teleport Other           Tloc           2%         N/A       100%        3
 Airstrike                Air            1%         2d(1-17)  100%        4
 Anguish                  Hex/Necr       11%        N/A       100%        4
 Animate Armour           Summ/Erth      4%         N/A       100%        4
 Flame Wave               Conj/Fire      2%         2d4       100%        4
 Fulminant Prism          Conj/Hex       11%        3d8       100%        4
 Ice Form                 Ice/Tmut       24%        N/A       100%        4
 Iskenderun's Mystic Bla  Conj/Tloc      2%         2d3       100%        4
 Passage of Golubria      Tloc           2%         N/A       100%        4
 Petrify                  Tmut/Erth      24%        N/A       100%        4
 Summon Ice Beast         Ice/Summ       2%         N/A       100%        4
 Summon Lightning Spire   Summ/Air       2%         N/A       100%        4
 Agony                    Necr           2%         N/A       100%        5
 Borgnjor's Vile Clutch   Necr/Erth      1%         N/A       100%        5
 Iskenderun's Battlesphe  Conj           2%         2d6       100%        5
 Lee's Rapid Deconstruct  Erth           1%         3d4*      100%        5
 Metabolic Englaciation   Hex/Ice        11%        N/A       100%        5
 Silence                  Hex/Air        11%        N/A       100%        5
 Summon Mana Viper        Hex/Summ       22%        N/A       100%        5
 Conjure Ball Lightning   Conj/Air       1%         3x3d6     100%        6
 Iron Shot                Conj/Erth      1%         9d1       100%        6
 Starburst                Conj/Fire      1%         6d3       100%        6
 Statue Form              Tmut/Erth      16%        N/A       100%        6
 Summon Cactus Giant      Summ           1%         N/A       100%        6
 Dragon Form              Tmut           23%        N/A       100%        7
 Enfeeble                 Hex            21%        N/A       100%        7
 Monstrous Menagerie      Summ           1%         N/A       100%        7
 Ozocubu's Refrigeration  Ice            1%         4d7       100%        7
 Spellforged Servitor     Conj/Summ      1%         N/A       100%        7
 Storm Form               Tmut/Air       12%        N/A       100%        7
 Summon Hydra             Summ           1%         N/A       100%        7
 Discord                  Hex            21%        N/A       100%        8
 Disjunction              Tloc           1%         N/A       100%        8
 Infestation              Necr           1%         N/A       100%        8
 Lehudib's Crystal Spear  Conj/Erth      1%         10d2      100%        8
 Dragon's Call            Summ           1%         N/A       100%        9
 Necromutation            Tmut/Necr      Unusable   N/A       N/A         8

Dungeon Overview and Level Annotations

Branches:
Dungeon (15/15)            Temple (1/1) D:4            Lair (5/5) D:11
 Shoals (4/4) Lair:2        Snake (4/4) Lair:2        Slime (0/5) Lair:5
    Orc (2/2) D:10            Elf (3/3) Orc:2        Vaults (5/5) D:13
  Crypt (3/3) Vaults:3     Depths (4/4) D:15            Zot (0/5) Depths:4
 Bailey (visited)         Volcano (visited)          WizLab (visited)
Gauntlet (visited)
   Tomb: Crypt:3

Altars:
Ashenzari
Cheibriados
Dithmenos
Fedhas
Gozag
Hepliaklqana
Kikubaaqudgha
Makhleb
Nemelex Xobeh
Okawaru
Qazlal
Ru
Sif Muna
Trog
Uskayaw
Vehumet
Wu Jian
Xom
Yredelemnul
Jiyva
Lugonu

Shops:
D:3 *   D:9 =   D:10 !   Orc:2 ([!!?   Elf:1 (   Elf:2 (   Shoals:1 [
Shoals:3 *   Shoals:4 ?   Snake:2 [!!(   Snake:3 [   Depths:3 :   Depths:4 =:=

Portals:
Hell: Depths:1 Depths:2 Depths:3 Depths:4
Abyss: Depths:3 Depths:4
Pandemonium: Depths:2 Depths:3
Ziggurat: Depths:3
Trove: D:10 (give horn of Geryon)

Annotations:
Lair:2 3 runed translucent doors, initializr's ghost, journeyman DEVM
Orc:1 3 runed translucent doors, MackTheKnife's ghost, journeyman MfWr
Orc:2 1 runed translucent door, exclusion: door, Sphara's ghost, journeyman DrCA
Elf:2 3 runed translucent doors
Vaults:4 Wikemp's ghost, veteran DsWn
Crypt:3 Grunn


Innate Abilities, Weirdness & Mutations

You do not regenerate when monsters are visible.
You are frail without blood (-20% HP).
You can heal yourself when you bite living creatures.
You are immune to poison.
You have razor-sharp teeth.
You have supernaturally acute eyesight. (SInv)
You are afflicted with vampirism and can become a bat while bloodless.
You have a pair of small horns on your head.
You have sharp toenails.
You are partially covered in iridescent scales. (AC +2)
You are robust. (+10% HP)


Message History

The floor.
Unknown command.
A demon appears!
The doom hound bites you but does no damage.
The doom hound claws you but does no damage.
The doom hound misses you. The doom hound completely misses you.
A quokka zombie comes into view.
The eidolon closely misses your blizzard demon.
The eidolon hits your blizzard demon but does no damage.
You block Grunn's attack.
The Tzitzimitl engulfs you but does no damage.
The Tzitzimitl barely misses you. The doom hound bites you!
You block the doom hound's attack.
A reaper comes into view.
It is wielding a +2 scythe of protection.
You hit the doom hound. You freeze the doom hound.
The doom hound is severely wounded.
The doom hound bites you but does no damage.
You block the doom hound's attack. The eidolon hits your blizzard demon!
The eidolon hits your blizzard demon but does no damage.
Grunn hits you from afar with a +6 glaive of draining.
You block the doom hound's attack. The doom hound completely misses you.
The Tzitzimitl engulfs you but does no damage.
The Tzitzimitl bites you but does no damage.
As you read the scroll of teleportation, it crumbles to dust.
You feel strangely unstable. The doom hound bites you!!
The doom hound claws you but does no damage.
Your blizzard demon hits the eidolon!
Your blizzard demon closely misses the eidolon.
You block the reaper's attack. You block the doom hound's attack.
The doom hound claws you but does no damage.
The eidolon hits your blizzard demon.
The eidolon drains your blizzard demon's vigour!
Your blizzard demon seems to slow down.
The eidolon hits your blizzard demon but does no damage.
Grunn hits you from afar with a +6 glaive of draining!
The Tzitzimitl gestures at you.
You convulse!
* * * LOW HITPOINT WARNING * * *
The doom hound bites you!!
You die...

#######################
#......................
#.............2@hg..Z..
#..<..########.1hW.....
#.....# #..2..(...
#.....# #.######'#
#.....# #.# . #....)#
#.# #.....# #.# #....)#
#.# #...))########.#


You could see Grunn, 2 doom hounds, a Tzitzimitl, a reaper, an eidolon (ally
target), a quokka zombie and a friendly blizzard demon (summoned, slow).

Vanquished Creatures
  A dread lich (Crypt:2)
  3 ancient liches
  Vashnia (Snake:2)
  Margery (Crypt:3)
  3 golden dragons
  Hellbinder (WizLab)
  2 doom hounds
  Mlioglotl (Shoals:3)
  A tentacled monstrosity (Vaults:5)
  Asterion (Depths:1)
  8 liches
  3 walking divine tomes
  2 deep elf master archers (Elf:3)
  2 quicksilver dragons (Depths:3)
  A walking frostbound tome (Depths:3)
  6 titans
  Gastronok (Lair:2)
  8 sphinxes
  2 ancient champions (Crypt:2)
  6 shadow dragons
  5 storm dragons
  Ilsuiw (Shoals:2)
  9 tengu reavers
  11 fire giants
  4 nagarajas
  4 deep elf sorcerers (Elf:3)
  2 revenants
  10 frost giants
  An iron dragon (Vaults:5)
  18 vault wardens
  4 ghouls (Crypt:2)
  2 cacodemons (WizLab)
  2 draconian shifters (Crypt:2)
  2 orc warlords (Vaults:1)
  3 balrugs
  4 curse skulls
  14 very ugly things
  3 deep elf elementalists (Elf:3)
  12 stone giants
  A spriggan defender (Depths:2)
  13 ironbound thunderhulks
  3 draconian annihilators
  2 war gargoyles
  15 ironbound preservers
  4 deep elf demonologists
  A demonspawn black sun (WizLab)
  2 pale draconians (Depths:4)
  2 green draconians (Depths:4)
  A lorocyproca (WizLab)
  2 black draconians (Depths:4)
  A minotaur (Gauntlet)
  6 vampire knights
  4 deep elf annihilators
  2 spectral hellephants (Crypt:2)
  2 red draconians (Depths:4)
  16 dire elephants
  A blizzard demon (WizLab)
  6 merfolk impalers
  5 spark wasps
  4 crystal guardians
  15 ettins
  7 deep elf death magi
  2 spectral elves (Crypt:2)
  6 eidola
  9 merfolk javelineers
  10 fire dragons
  16 yaktaur captains
  7 jiangshi (Crypt:1)
  2 hydras (D:13)
  An entropy weaver (Vaults:1)
  3 rakshasas (Depths:1)
  7 great orbs of eyes
  36 vault guards
  3 hell beasts (WizLab)
  10 deep elf high priests
  An alligator snapping turtle (Shoals:4)
  4 ogre magi
  8 peacekeepers
  A spriggan air mage (Depths:2)
  An ice dragon (shapeshifter) (Vaults:5)
  6 ice dragons
  A spriggan skeleton (Depths:1)
  2 catoblepae
  3 boulder beetles
  2 merfolk avatars
  3 salamander tyrants (Snake:4)
  10 centaur warriors
  11 dancing weapons
  11 ironbound frosthearts
  7 two-headed ogres
  5 death knights
  A merfolk aquamancer (Shoals:4)
  3 anacondas
  A bennu zombie (Crypt:2)
  19 naga warriors
  2 vampire magi (Crypt:1)
  10 death yaks (Lair:5)
  9 deep troll shamans
  5 spriggan berserkers
  3 shock serpents
  2 sun demons
  A bennu skeleton (Crypt:3)
  6 tengu warriors
  25 hell knights
  3 orc high priests (Orc:2)
  10 deep troll earth magi
  8 soul eaters
  11 naga sharpshooters
  A titan skeleton (Crypt:2)
  13 deep elf knights
  Nergalle (Lair:1)
  4 shadow wraiths
  A storm dragon skeleton (Vaults:2)
  Lodul (D:10)
  8 iron trolls
  A glowing orange brain (Vaults:4)
  7 naga ritualists
  20 skeletal warriors
  A goliath frog (shapeshifter) (Depths:2)
  12 sea snakes
  16 salamander mystics
  7 flayed ghosts
  12 deep elf archers
  An orange crystal statue (Elf:2)
  A shadow dragon zombie (Depths:1)
  50 deep trolls
  7 orc knights
  A kraken simulacrum (Shoals:4)
  12 wizards
  3 swamp dragons (Depths:4)
  22 necromancers
  A shadow demon (WizLab)
  12 phantasmal warriors
  23 harpies
  18 ironbound convokers
  28 deep elf pyromancers
  19 lindwurms
  28 deep elf zephyrmancers
  An anaconda skeleton (Volcano)
  8 mana vipers (Snake:2)
  32 ugly things
  16 manticores
  A tengu skeleton (Vaults:2)
  A salamander (shapeshifter) (D:11)
  4 orc sorcerers
  3 cyclopes
  A sphinx skeleton (Crypt:1)
  30 salamanders
  4 fauns (Shoals:3)
  A centaur zombie (Crypt:3)
  2 stone giant skeletons (Crypt:1)
  8 merfolk sirens
  25 black mambas
  8 water nymphs
  6 elephants
  5 gargoyles
  5 guardian serpents
  23 naga magi
  A guardian serpent (shapeshifter) (Elf:3)
  3 orange demons (WizLab)
  A smoke demon (Depths:2)
  An unseen horror (D:13)
  9 cane toads
  A rime drake (Lair:5)
  26 vault sentinels
  A hellion (WizLab)
  3 torpor snails
  11 komodo dragons
  21 yaktaurs
  A tormentor (WizLab)
  6 freezing wraiths
  9 tengu conjurers
  3 efreet
  5 hellwings
  2 ice devils
  An elf skeleton (Vaults:2)
  3 red devils (WizLab)
  4 trolls
  3 polar bears (Lair:5)
  A silent spectre (Crypt:2)
  A meliai (shapeshifter) (Vaults:1)
  Prince Ribbit (D:8)
  8 hornets
  21 merfolk
  8 wind drakes
  3 blink frogs (Lair:3)
  A raiju (Lair:4)
  30 slime creatures
  3 harpy skeletons (Volcano)
  A slime creature (shapeshifter) (Vaults:5)
  10 snapping turtles
  7 dream sheep
  A fire giant simulacrum (Depths:1)
  A spriggan zombie (Depths:1)
  3 air elementals
  A naga simulacrum (Crypt:1)
  An alligator skeleton (Volcano)
  A vampire (D:12)
  3 wyverns
  6 wraiths
  4 flying skulls
  14 spriggans
  A human (D:10)
  A human (shapeshifter) (Elf:3)
  6 water elementals
  56 yaks
  A basilisk (shapeshifter) (Depths:2)
  2 basilisks
  3 steam dragons (Depths:4)
  A hog (Lair:4)
  4 chaos spawn
  4 fire elementals
  2 vampire mosquitoes (D:13)
  A neqoxec (WizLab)
  A fire bat zombie (Crypt:1)
  2 wargs
  2 hell hounds (Lair:1)
  2 acid dragons
  43 nagas
  Duvessa (D:5)
  15 water moccasins
  A floating eye (Depths:3)
  22 orc warriors
  2 black bears
  A merfolk simulacrum (Crypt:3)
  A spriggan simulacrum (Depths:1)
  2 sky beasts (D:6)
  15 ogres
  15 boggarts
  26 centaurs
  21 wolves
  2 phantoms
  2 kobold brigands
  A fire crab zombie (Crypt:2)
  13 bullfrogs
  A rime drake zombie (Crypt:2)
  A wyvern zombie (Crypt:3)
  An earth elemental (Elf:3)
  A gnoll sergeant (D:11)
  A human simulacrum (Depths:1)
  6 necrophages
  A scorpion (D:7)
  A komodo dragon skeleton (Crypt:1)
  13 wights
  Dowan (D:5)
  A hornet simulacrum (D:15)
  9 killer bees
  2 electric eels (Lair:3)
  5 howler monkeys
  3 troll skeletons (Volcano)
  2 quasits (D:8)
  4 hounds
  A jelly (D:6)
  16 orc priests
  A basilisk skeleton (Crypt:2)
  2 iguanas (D:7)
  2 gnoll boudas
  23 orc wizards
  A scorpion zombie (D:3)
  A naga skeleton (Volcano)
  2 hound zombies (D:3)
  14 gnolls
  8 adders
  A steam dragon zombie (Crypt:2)
  2 shadow imps
  5 white imps
  2 ufetubi (D:8)
  An iguana skeleton (Crypt:2)
  A lava snake skeleton (Crypt:1)
  A worm (D:3)
  4 dart slugs
  76 orcs
  8 ball pythons
  11 endoplasms
  5 giant cockroaches
  9 goblins
  5 hobgoblins
  8 jackals
  5 quokkas
  2 ball python zombies
  2 bats
  7 frilled lizards
  A goblin skeleton (Crypt:2)
  17 kobolds
  7 rats
1923 creatures vanquished.

Vanquished Creatures (collateral kills)
  Mara (Vaults:2)
  Boris (Vaults:4)
  A shard shrike zombie (Crypt:3)
  Zenata (Crypt:1)
  2 tentacled monstrosities
  2 liches
  A titan (Vaults:5)
  An ancient champion (Crypt:1)
  Agnes (Snake:2)
  A nagaraja (Snake:4)
  A deep elf sorcerer (Elf:3)
  Aizul (Snake:2)
  A draconian shifter (Crypt:2)
  A stone giant (Depths:3)
  2 very ugly things (Vaults:2)
  A deep elf annihilator (Elf:3)
  A deep elf demonologist (Crypt:2)
  A yaktaur captain (Vaults:5)
  2 merfolk impalers (Shoals:2)
  A hell beast (WizLab)
  A merfolk avatar (Shoals:3)
  An ogre mage (Vaults:5)
  2 dancing weapons (Elf:1)
  2 naga warriors (Snake:4)
  2 merfolk aquamancers (Crypt:2)
  A death yak (Lair:5)
  A naga sharpshooter (Snake:2)
  2 soul eaters (Crypt:2)
  A sun demon (WizLab)
  A sea snake (Shoals:4)
  A deep troll (Depths:1)
  6 skeletal warriors
  2 wizards
  A phantasmal warrior (Crypt:1)
  A deep elf archer (Elf:1)
  A harpy (Shoals:4)
  A deep elf pyromancer (Elf:1)
  2 orc sorcerers
  A shadow dragon skeleton (Crypt:1)
  3 deep elf zephyrmancers
  2 ugly things (Vaults:2)
  A salamander (shapeshifter) (Depths:3)
  A manticore (D:11)
  4 salamanders
  A cyclops (Shoals:2)
  3 elephants
  A black mamba (Snake:3)
  A naga mage (Snake:4)
  2 water nymphs
  2 gargoyles
  An orange demon (WizLab)
  2 cane toads
  A yaktaur (Vaults:4)
  An ice devil (WizLab)
  An anaconda simulacrum (Crypt:3)
  A tengu conjurer (Depths:3)
  A troll (Orc:2)
  8 merfolk
  2 hornets
  3 wind drakes (Shoals:2)
  A polar bear (Lair:5)
  A harpy skeleton (Volcano)
  A slime creature (Vaults:1)
  A snapping turtle (Shoals:2)
  4 blink frogs
  A dream sheep (Lair:4)
  A flying skull (Volcano)
  2 black mamba skeletons (Crypt:1)
  3 spriggans (Lair:5)
  A neqoxec (WizLab)
  4 yaks
  A hog (Lair:4)
  5 nagas
  2 wargs (D:10)
  A floating eye (Depths:3)
  6 orc warriors
  2 black bears (Lair:5)
  2 ogres
  A necrophage (Crypt:2)
  A yak zombie (Crypt:2)
  2 killer bees (D:10)
  3 orc priests (Orc:2)
  2 orc wizards
  A naga skeleton (Volcano)
  A dart slug (D:2)
  13 orcs
159 creatures vanquished.

Vanquished Creatures (others)
  Kirke (Lair:4)
  A blizzard demon (Depths:2)
  A boulder beetle (D:13)
  A hell knight (Depths:2)
  2 deep elf knights
  A deep elf zephyrmancer (Elf:2)
  2 orc knights (Orc:2)
  2 deep elf pyromancers (Elf:1)
  A manticore (Shoals:3)
  A yaktaur (Vaults:5)
  A merfolk (Shoals:3)
  A dream sheep (Lair:4)
  A snapping turtle (Shoals:3)
  2 hogs (Lair:4)
  A wyvern (Lair:4)
  2 orc warriors
  A wolf (Lair:5)
  A centaur (Bailey)
  A shadow imp (Gauntlet)
  A white imp (Gauntlet)
  14 demonic plants (Gauntlet)
  29 fungi
  63 plants
  8 tentacles (Shoals:4)
139 creatures vanquished.

Grand Total: 2221 creatures vanquished

Notes
Turn   | Place    | Note
-------+----------+-------------------------------------------
     0 | D:1      | Armakuni the Vampire Gladiator began the quest for the Orb.
     0 | D:1      | Reached XP level 1. HP: 16/16 MP: 1/1
   202 | D:1      | Reached XP level 2. HP: 22/22 MP: 2/2
   310 | D:1      | You fall into a shaft and drop 1 floor!
   614 | D:2      | Gained mutation: You are afflicted with vampirism and can
                  | become a bat while bloodless. [Vampire growth]
   614 | D:2      | Reached XP level 3. HP: 19/27 MP: 3/3
   707 | D:2      | Identified a scroll of acquirement
   707 | D:2      | Acquired a +1 buckler of reflection
   837 | D:2      | Identified the +3 ring mail "Zawnoib" {Harm}
   920 | D:2      | Identified the +8 morningstar of the King {flame, rPois
                  | Will+ Dex+2}
   935 | D:2      | Reached skill level 1 in Shields
  1133 | D:2      | Reached XP level 4. HP: 33/33 MP: 4/4
  1243 | D:3      | Found a basalt altar of Yredelemnul.
  1483 | D:3      | Found Boesy Xum's Assorted Antiques.
  1489 | D:3      | Reached XP level 5. HP: 38/38 MP: 5/5
  1555 | D:3      | Bought a glowing scarf for 160 gold pieces
  1844 | D:3      | Bought a fizzy coppery potion for 18 gold pieces
  1872 | D:4      | Found a staircase to the Ecumenical Temple.
  1921 | Temple   | Entered the Ecumenical Temple
  2102 | Temple   | Became a worshipper of Makhleb the Destroyer
  2260 | D:3      | Bought 2 sapphire potions for 36 gold pieces
  2398 | D:4      | Found a hide-covered altar of Uskayaw.
  2412 | D:4      | Reached skill level 1 in Maces & Flails
  2414 | D:4      | Noticed an ogre
  2421 | D:4      | Killed an ogre
  2422 | D:4      | Reached XP level 6. HP: 44/44 MP: 6/6
  2638 | D:5      | Entered Level 5 of the Dungeon
  2688 | D:5      | Noticed Dowan
  2689 | D:5      | Noticed Duvessa
  2694 | D:5      | Killed Duvessa
  2695 | D:5      | Killed Dowan
  2695 | D:5      | Reached * piety under Makhleb
  2696 | D:5      | Reached skill level 1 in Armour
  2696 | D:5      | Reached XP level 7. HP: 50/50 MP: 7/7
  2835 | D:5      | Found a hazy altar of Hepliaklqana.
  2875 | D:5      | Found a radiant altar of Vehumet.
  2922 | D:5      | Found a shadowy altar of Dithmenos.
  3039 | D:5      | Found a sacrificial altar of Ru.
  3234 | D:6      | Reached skill level 5 in Dodging
  3234 | D:6      | Reached XP level 8. HP: 60/60 MP: 8/8
  3344 | D:3      | Bought a scroll labelled QARGHO TONI for 20 gold pieces
  3604 | D:6      | Reached skill level 5 in Fighting
  3739 | D:6      | Reached ** piety under Makhleb
  4029 | D:7      | Reached skill level 5 in Armour
  4029 | D:7      | Reached skill level 5 in Short Blades
  4053 | D:7      | Found a flagged portal.
  4067 | Bailey   | Entered a bailey
  4105 | Bailey   | Reached skill level 1 in Invocations
  4268 | Bailey   | Reached XP level 9. HP: 42/68 MP: 10/10
  4425 | Bailey   | Reached skill level 1 in Evocations
  4547 | Bailey   | Reached *** piety under Makhleb
  4698 | Bailey   | Identified the +4 executioner's axe of the Doomed God
                  | {drain, rPois rN+}
  5139 | D:7      | Reached XP level 10. HP: 80/80 MP: 13/13
  5221 | D:7      | Reached skill level 1 in Stealth
  5674 | D:7      | Reached skill level 5 in Stealth
  5983 | D:8      | Found a stormy altar of Qazlal.
  6055 | D:8      | Got the Quarto of Transmigration
  6086 | D:8      | Found an ornate altar of the Wu Jian Council.
  6195 | D:8      | Noticed a two-headed ogre
  6202 | D:8      | Killed a two-headed ogre
  6203 | D:8      | Reached XP level 11. HP: 62/86 MP: 14/14
  6434 | D:8      | Found an opulent altar of Gozag.
  6458 | D:8      | Noticed Prince Ribbit
  6468 | D:8      | Killed Prince Ribbit
  6585 | D:8      | Found a shimmering altar of Xom.
  7208 | D:9      | Reached **** piety under Makhleb
  7233 | D:9      | Reached skill level 5 in Evocations
  7357 | D:9      | Found Anguruyr's Jewellery Shop.
  7466 | D:10     | Entered Level 10 of the Dungeon
  7525 | D:10     | Found a portal to a secret trove of treasure.
  7596 | D:10     | Reached skill level 10 in Stealth
  7614 | D:10     | Identified the +1 ring mail of Olana {Will+ rCorr Str-5}
  7660 | D:10     | Found Vuecuiw's Distillery.
  7705 | D:10     | Reached skill level 5 in Invocations
  7811 | D:10     | Found a staircase to the Orcish Mines.
  7824 | D:10     | Noticed Lodul
  7828 | D:10     | Killed Lodul
  7873 | D:10     | Reached ***** piety under Makhleb
  8105 | D:11     | Noticed a green ugly thing
  8113 | D:11     | Killed a green ugly thing
  8223 | D:11     | Reached XP level 12. HP: 92/92 MP: 17/17
  8365 | D:11     | Found a staircase to the Lair.
  9170 | Lair:1   | Entered Level 1 of the Lair of Beasts
  9241 | Lair:1   | Found a dark tunnel.
  9261 | Volcano  | Entered a volcano
  9791 | Volcano  | Reached skill level 10 in Invocations
 10132 | Lair:1   | Noticed Nergalle
 10160 | Lair:1   | Killed Nergalle
 11017 | Lair:2   | Noticed a minotaur
 11021 | Lair:2   | Noticed initializr's ghost (journeyman DEVM)
 11072 | Lair:2   | Reached XP level 13. HP: 88/98 MP: 22/22
 11261 | Lair:2   | Found a runed translucent gate.
 11261 | Lair:2   | Found a runed translucent gate.
 11261 | Lair:2   | Found a runed translucent gate.
 11270 | Lair:2   | Found a staircase to the Snake Pit.
 11312 | Lair:2   | Noticed Gastronok
 11327 | Lair:2   | Killed Gastronok
 11509 | Lair:2   | Found a staircase to the Shoals.
 13243 | Lair:4   | Noticed Kirke
 13277 | Lair:4   | Killed Kirke
 13898 | Lair:4   | Noticed Sonja
 13899 | Lair:4   | Sonja changed into Sonja the raiju
 13899 | Lair:4   | Noticed Sonja
 13902 | Lair:4   | Killed Sonja the raiju
 14140 | Lair:5   | Entered Level 5 of the Lair of Beasts
 14246 | Lair:5   | Reached skill level 10 in Dodging
 14606 | Lair:5   | Reached XP level 14. HP: 109/109 MP: 23/23
 14819 | Lair:5   | Reached skill level 10 in Fighting
 15250 | Lair:5   | Reached skill level 10 in Armour
 16267 | Lair:5   | Found a viscous altar of Jiyva.
 16267 | Lair:5   | Found a staircase to the Slime Pits.
 16729 | D:9      | Bought the ring of Xeacus {Wiz rF+ Int+2} for 626 gold
                  | pieces
 16769 | Orc:1    | Entered Level 1 of the Orcish Mines
 16923 | Orc:1    | Found a runed translucent gate.
 16923 | Orc:1    | Found a runed translucent gate.
 16925 | Orc:1    | Found a runed translucent gate.
 16927 | Orc:1    | Noticed MackTheKnife's ghost (journeyman MfWr)
 17066 | Orc:1    | Identified the +4 flail of Unpleasantness {freeze, rN++
                  | Will++ Int-3}
 17067 | Orc:1    | Identified the +0 chain mail "Dev Ceph" {-Tele Will+ Str+2}
 17195 | Orc:2    | Entered Level 2 of the Orcish Mines
 17201 | Orc:2    | Found Bomylat's Antique Weapon Shoppe.
 17348 | Orc:2    | Found a staircase to the Elven Halls.
 17369 | Orc:2    | Found a gate leading to a gauntlet.
 17390 | Gauntlet | Entered a Gauntlet
 17390 | Gauntlet | Found a transporter.
 17390 | Gauntlet | Found a transporter.
 17390 | Gauntlet | Found a transporter.
 17410 | Gauntlet | Found a transporter.
 17420 | Gauntlet | Found a transporter.
 17424 | Gauntlet | Found a transporter.
 17436 | Gauntlet | Found a transporter.
 17456 | Gauntlet | Found a transporter.
 17473 | Gauntlet | Found a transporter.
 17477 | Gauntlet | Found a transporter.
 17487 | Gauntlet | Found a transporter.
 17491 | Gauntlet | Found a transporter.
 17579 | Gauntlet | Gained mutation: Your body sometimes deteriorates upon
                  | taking damage. [a neqoxec]
 17620 | Gauntlet | Identified the +3 hat of Faruc {Str+6}
 17702 | Gauntlet | Reached skill level 10 in Short Blades
 17800 | Orc:2    | Found Ubrumi's Antique Armour Boutique.
 17924 | Orc:2    | Found Gisk's Distillery.
 17932 | Orc:2    | Found Weotaso's Magic Scroll Shoppe.
 17934 | Orc:2    | Found Ygua's Distillery.
 18308 | Orc:2    | Found a runed translucent door.
 18308 | Orc:2    | Noticed Sphara's ghost (journeyman DrCA)
 18702 | Orc:2    | Bought a potion of experience for 900 gold pieces
 18702 | Orc:2    | Reached XP level 15. HP: 115/115 MP: 23/25
 18707 | Orc:2    | Bought a potion of heal wounds for 90 gold pieces
 18707 | Orc:2    | Bought a potion of resistance for 180 gold pieces
 18715 | Orc:2    | Bought a scroll of teleportation for 39 gold pieces
 18715 | Orc:2    | Bought a scroll of teleportation for 39 gold pieces
 18715 | Orc:2    | Bought a scroll of teleportation for 39 gold pieces
 18715 | Orc:2    | Bought a scroll of fog for 52 gold pieces
 18717 | Orc:2    | Bought 2 potions of heal wounds for 130 gold pieces
 18717 | Orc:2    | Bought a potion of heal wounds for 65 gold pieces
 19200 | D:12     | Identified the +3 scale mail of the End {rElec Will+++
                  | Int-4 SInv}
 19860 | D:13     | Noticed Maurice
 19863 | D:13     | Maurice changed into Maurice the frilled lizard
 19863 | D:13     | Noticed Maurice
 19889 | D:13     | Reached XP level 16. HP: 119/122 MP: 26/26
 19889 | D:13     | Killed Maurice the frilled lizard
 20073 | D:13     | Reached ****** piety under Makhleb
 20321 | D:13     | Found a gate to the Vaults.
 20799 | D:14     | Reached skill level 1 in Long Blades
 20881 | D:14     | Found a hazy altar of Hepliaklqana.
 21195 | D:14     | Reached skill level 2 in Long Blades
 21386 | D:15     | Entered Level 15 of the Dungeon
 21431 | D:15     | Found a flickering gateway to a bazaar.
 21441 | Bazaar   | Entered a bazaar
 21441 | Bazaar   | Found Ahunomuff's Antique Armour Shop.
 21441 | Bazaar   | Found Athytt's Jewellery Shop.
 21441 | Bazaar   | Found Ungich's Antique Weapon Boutique.
 21450 | Bazaar   | Bought a glowing double sword for 306 gold pieces
 21450 | Bazaar   | Bought a masterwork scimitar for 153 gold pieces
 21450 | Bazaar   | Identified the +3 scimitar of Perfectionism {vorpal, rC+
                  | Str+4 Dex-4} (You bought it in a shop in a bazaar)
 21505 | D:15     | Found a staircase to the Depths.
 21721 | Snake:1  | Entered Level 1 of the Snake Pit
 21740 | Snake:1  | Reached skill level 3 in Long Blades
 21977 | Snake:1  | Reached skill level 4 in Long Blades
 22395 | Snake:1  | Reached skill level 5 in Long Blades
 22790 | Snake:1  | Reached skill level 6 in Long Blades
 23411 | Snake:2  | Reached skill level 7 in Long Blades
 23876 | Elf:1    | Entered Level 1 of the Elven Halls
 24120 | Elf:1    | Found Bidwom's Weapon Shop.
 24151 | Elf:1    | Reached skill level 8 in Long Blades
 24442 | Elf:1    | Reached skill level 9 in Long Blades
 24726 | Elf:1    | Reached skill level 10 in Long Blades
 24805 | Elf:1    | Reached XP level 17. HP: 128/128 MP: 27/27
 24819 | Elf:1    | Identified the +3 chain mail of Lethargy {rPois rCorr SInv}
 25143 | Snake:2  | Noticed Aizul
 25155 | Snake:2  | Killed Aizul
 25389 | Snake:2  | Reached skill level 11 in Long Blades
 25438 | Snake:2  | Noticed Vashnia
 25467 | Snake:2  | Killed Vashnia
 25664 | Snake:2  | Found Mere's Antique Weapon Shoppe.
 25683 | Snake:2  | Found Haneiset's Distillery.
 25683 | Snake:2  | Found Zizas's Distillery.
 25699 | Snake:2  | Found Ytoaned's Antique Armour Emporium.
 25709 | Snake:2  | Bought a potion of heal wounds for 80 gold pieces
 25740 | Snake:2  | Bought a potion of heal wounds for 65 gold pieces
 25740 | Snake:2  | Bought 2 potions of heal wounds for 130 gold pieces
 25740 | Snake:2  | Lost mutation: Your body sometimes deteriorates upon taking
                  | damage. [potion of mutation]
 25740 | Snake:2  | Gained mutation: You have sharp toenails. [potion of
                  | mutation]
 25740 | Snake:2  | Gained mutation: You have hidden genetic potential. [potion
                  | of mutation]
 26379 | Snake:2  | Noticed Agnes
 26389 | Snake:2  | Killed Agnes
 26748 | Snake:3  | Found Jaohih's Armour Shoppe.
 26902 | Snake:3  | Reached skill level 12 in Long Blades
 27224 | Snake:3  | Reached skill level 15 in Invocations
 27674 | Snake:3  | Reached skill level 13 in Long Blades
 28496 | Snake:4  | Entered Level 4 of the Snake Pit
 28535 | Snake:4  | Upgraded the game from 0.30-a0-451-ge042605de7 to
                  | 0.30-a0-457-g4b7bca3bfa
 29152 | Snake:4  | Reached skill level 1 in Spellcasting
 29162 | Snake:4  | Learned a level 2 spell: Wereblood
 29202 | Snake:4  | Reached skill level 1 in Transmutations
 29640 | Snake:4  | Reached skill level 5 in Transmutations
 29653 | Snake:4  | Reached XP level 18. HP: 44/134 MP: 29/29
 30123 | Snake:4  | Got a serpentine rune of Zot
 30268 | Snake:4  | Gained mutation: You expend magic power (3 MP) to
                  | strengthen your wands. [hidden potential]
 31053 | Shoals:1 | Entered Level 1 of the Shoals
 31730 | Shoals:1 | Found Ittauhip's Armour Emporium.
 31825 | Shoals:1 | Acquired a manual of Transmutations
 31834 | Shoals:1 | Learned a level 5 spell: Yara's Violent Unravelling
 31839 | Shoals:1 | Learned a level 4 spell: Cause Fear
 31951 | Shoals:2 | Reached skill level 10 in Transmutations
 32004 | Shoals:2 | Reached skill level 5 in Shields
 32222 | Shoals:2 | Noticed Ilsuiw
 32241 | Shoals:2 | Killed Ilsuiw
 32656 | Shoals:3 | Found Ecidoir's Assorted Antiques.
 32887 | Shoals:3 | Reached skill level 1 in Hexes
 33308 | Shoals:3 | Reached skill level 5 in Hexes
 33340 | Shoals:3 | Noticed Mlioglotl
 33352 | Shoals:3 | Killed Mlioglotl
 33450 | Shoals:3 | Learned a level 3 spell: Dazzling Flash
 33646 | Shoals:4 | Entered Level 4 of the Shoals
 34295 | Shoals:4 | Reached skill level 10 in Hexes
 34452 | Shoals:4 | Found Zeiklis's Magic Scroll Boutique.
 34513 | Shoals:4 | Reached XP level 19. HP: 104/140 MP: 30/30
 34526 | Shoals:4 | Bought a scroll of blinking for 127 gold pieces
 34536 | Shoals:4 | Bought a scroll of fear for 68 gold pieces
 35074 | Shoals:4 | Reached skill level 14 in Long Blades
 35146 | Shoals:4 | Gained mutation: You have great hidden genetic potential.
                  | [hidden potential]
 35146 | Shoals:4 | Lost mutation: You have great hidden genetic potential.
                  | [hidden potential expressed]
 35423 | Shoals:4 | Got a barnacled rune of Zot
 35624 | Snake:3  | Bought the +0 pair of gloves of Idah {rC+ Str+2 Dex+3
                  | Stlth+} for 540 gold pieces
 35848 | Vaults:1 | Entered Level 1 of the Vaults
 36339 | Vaults:1 | Found a magical portal.
 36348 | WizLab   | Entered The Hall of the Hellbinder
 36890 | WizLab   | Noticed Ozoifen
 36933 | WizLab   | Reached skill level 15 in Long Blades
 36939 | WizLab   | Noticed a Brimstone Fiend
 36948 | WizLab   | Killed Ozoifen the Hellbinder
 37001 | WizLab   | Found a burning altar of Makhleb.
 37010 | WizLab   | Got the Octavo of Generation
 37048 | WizLab   | Identified the ring "Lyramm" {rElec Int+3 Dex+6}
 37898 | Vaults:1 | Reached skill level 16 in Long Blades
 38340 | Vaults:1 | Reached XP level 20. HP: 114/155 MP: 31/31
 39540 | Vaults:2 | Noticed Mara
 39547 | Vaults:2 | Noticed Armakuni's illusion
 39556 | Vaults:2 | Killed Mara
 39598 | Vaults:2 | Reached skill level 17 in Long Blades
 39787 | Vaults:2 | Found a radiant altar of Vehumet.
 39802 | Vaults:2 | Identified the +2 hat of Honour {Str+2 Int+6}
 39835 | Vaults:2 | Identified the +2 robe of the Fortifying Gods {Dex+4
                  | Stlth+}
 39851 | Vaults:2 | Identified the +2 hat "Araupt" {Harm rF+ Int+6 Slay+2}
 41011 | Vaults:3 | Reached skill level 18 in Long Blades
 41188 | Vaults:3 | Reached XP level 21. HP: 165/165 MP: 32/32
 41473 | Vaults:3 | Reached skill level 19 in Long Blades
 41487 | Vaults:3 | Gained mutation: You have a pair of small horns on your
                  | head. [hidden potential]
 42102 | Vaults:3 | Found a staircase to the Crypt.
 42156 | Vaults:3 | You fall into a shaft and drop 1 floor!
 42218 | Vaults:4 | Noticed Boris
 42235 | Vaults:4 | Killed Boris
 42507 | Vaults:4 | Found a runed translucent gate.
 42507 | Vaults:4 | Found a runed translucent gate.
 42507 | Vaults:4 | Found a runed translucent gate.
 42508 | Vaults:4 | Noticed Wikemp's ghost (veteran DsWn)
 43049 | Vaults:4 | Reached skill level 20 in Long Blades
 43274 | Vaults:4 | Identified the +8 scimitar "Illit" {vorpal, *Noise Fly rN+
                  | Str+4}
 43568 | Vaults:5 | Entered Level 5 of the Vaults
 43577 | Vaults:5 | Reached skill level 21 in Long Blades
 43645 | Vaults:5 | Noticed an ancient lich
 43913 | Vaults:5 | Killed an ancient lich
 44133 | Vaults:5 | Reached skill level 22 in Long Blades
 44134 | Vaults:5 | Identified the +4 sling of the Feeding Gods {flame, rElec
                  | Stlth+}
 44144 | Vaults:5 | Identified the +7 hand axe of Guplydd {pain, rC+ rN+ Dex+3}
 44169 | Vaults:5 | Reached XP level 22. HP: 85/172 MP: 33/33
 44204 | Vaults:5 | HP: 5/167 [deep elf high priest/damnation (34)]
 44719 | Vaults:5 | Gained mutation: You possess an exceptional clarity of
                  | mind. [hidden potential]
 44719 | Vaults:5 | Lost mutation: You have hidden genetic potential. [hidden
                  | potential expressed]
 45127 | Vaults:5 | Got a silver rune of Zot
 45337 | Vaults:5 | Reached skill level 23 in Long Blades
 45877 | Vaults:5 | Identified the ring of Vushrel {Wiz rCorr}
 45955 | Vaults:5 | Noticed an ancient lich
 46260 | Vaults:4 | Killed an ancient lich
 46407 | Vaults:5 | Found the +2 hood of the Assassin {Detection Stab+ Stlth++}
 47895 | D:10     | Bought a potion of heal wounds for 55 gold pieces
 47895 | D:10     | Bought a potion of heal wounds for 55 gold pieces
 47895 | D:10     | Bought a potion of heal wounds for 55 gold pieces
 47895 | D:10     | Bought a potion of heal wounds for 55 gold pieces
 47895 | D:10     | Bought a potion of might for 44 gold pieces
 48605 | Elf:2    | Reached skill level 24 in Long Blades
 48746 | Elf:2    | Identified the +1 scale mail "Bougubirch" {Rampage rN+
                  | SInv}
 48997 | Elf:2    | Found Qoduasici's Weapon Shop.
 49172 | Elf:2    | Found a runed translucent gate.
 49173 | Elf:2    | Found a runed translucent gate.
 49173 | Elf:2    | Found a runed translucent gate.
 49228 | Elf:3    | Entered Level 3 of the Elven Halls
 49427 | Elf:3    | Paralysed by an air elemental for 1 turns
 50084 | Elf:3    | Reached skill level 25 in Long Blades
 50119 | Elf:3    | Gained mutation: Armour fits poorly on your strangely
                  | shaped body. [a neqoxec]
 50122 | Elf:3    | Lost mutation: You possess an exceptional clarity of mind.
                  | [a neqoxec]
 50135 | Elf:3    | Reached XP level 23. HP: 66/163 MP: 34/34
 50329 | Elf:3    | Identified the ring "Hafemp" {rF+ Slay+5}
 50345 | Elf:3    | Identified the ring of the Firefly {rCorr Str+3 SInv}
 50411 | Elf:3    | Got Sif Muna's Verses on the Changed Mausoleum
 51915 | Depths:1 | Entered Level 1 of the Depths
 52000 | Depths:1 | Noticed Asterion
 52032 | Depths:1 | Killed Asterion
 52112 | Depths:1 | Lost mutation: You have a pair of small horns on your head.
                  | [potion of mutation]
 52112 | Depths:1 | Lost mutation: Armour fits poorly on your strangely shaped
                  | body. [potion of mutation]
 52112 | Depths:1 | Lost mutation: You expend magic power (3 MP) to strengthen
                  | your wands. [potion of mutation]
 52112 | Depths:1 | Gained mutation: You are partially covered in iridescent
                  | scales. (AC +2) [potion of mutation]
 52112 | Depths:1 | Gained mutation: You are robust. (+10% HP) [potion of
                  | mutation]
 52112 | Depths:1 | Gained mutation: You have a pair of small horns on your
                  | head. [potion of mutation]
 52482 | Depths:1 | Found a hide-covered altar of Uskayaw.
 52853 | Depths:1 | Found a gateway to Hell.
 53367 | Depths:1 | HP: 6/195 [spriggan berserker/+0 hand axe (36)]
 53373 | Depths:1 | Reached skill level 10 in Shields
 55083 | Depths:2 | Found a one-way gate leading to the halls of Pandemonium.
 55121 | Depths:2 | Learned a level 5 spell: Irradiate
 55510 | Depths:2 | Identified the +3 cloak of the Painted God {Str+2}
 55513 | Depths:2 | Identified the +6 halberd "Wock" {flame, Fragile rF- rCorr
                  | Dex+10}
 55661 | Depths:2 | Identified the +9 double sword "Iwnoh" {pain, rPois rF+
                  | Int-3 Stlth+}
 56194 | Depths:3 | Paralysed by a floating eye for 2 turns
 56313 | Depths:3 | Reached XP level 24. HP: 109/203 MP: 34/34
 56402 | Depths:3 | Found a one-way gate to the infinite horrors of the Abyss.
 56418 | Depths:3 | Paralysed by a floating eye for 4 turns
 56836 | Depths:3 | Found Eskor's Book Boutique.
 56968 | Depths:3 | Found a one-way gateway to a ziggurat.
 57076 | Depths:3 | Reached skill level 15 in Shields
 57086 | Depths:3 | Identified the ring of the Prince {rF+ rN+ rCorr Str-4}
 57186 | Depths:4 | Entered Level 4 of the Depths
 57378 | Depths:3 | Reached skill level 15 in Fighting
 57772 | Depths:4 | Found Xeosai Ublo's Jewellery Boutique.
 57772 | Depths:4 | Found Zarufiof's Book Shoppe.
 57773 | Depths:4 | Found Atariur's Jewellery Boutique.
 57865 | Depths:4 | Found a corrupted altar of Lugonu.
 58026 | Depths:4 | Acquired the +4 crystal plate armour of Dawn {rN+}
 58509 | Depths:4 | Found a gate to the Realm of Zot.
 58858 | Crypt:1  | Entered Level 1 of the Crypt
 59081 | Crypt:1  | Noticed Zenata
 60194 | Crypt:1  | Killed Zenata
 60505 | Crypt:2  | Found a runed door.
 60570 | Crypt:2  | Noticed an ancient lich
 60578 | Crypt:2  | Killed an ancient lich
 60614 | Crypt:2  | Identified the +10 plate armour of Fedhas, Breathing
                  | {*Corrode Will+ Dex+2}
 60624 | Crypt:2  | Acquired the +1 hat of the Zebra {rC++ Will- Int+3 Dex+4}
 60643 | Crypt:2  | Acquired 1076 gold pieces
 60798 | Crypt:2  | Found an ancient bone altar of Kikubaaqudgha.
 61030 | Crypt:2  | Reached XP level 25. HP: 121/174 MP: 34/34
 61449 | Crypt:2  | Noticed a dread lich
 61463 | Crypt:2  | Killed a dread lich
 61503 | Crypt:2  | Identified the +11 quarterstaff of the Median {vorpal,
                  | Str+4}
 61504 | Crypt:2  | Identified the +1 lajatang "Ywoo" {drain, *Noise Int+6 SInv
                  | Stlth+}
 62181 | Crypt:3  | Entered Level 3 of the Crypt
 62326 | Crypt:3  | Noticed Margery
 62342 | Crypt:3  | Killed Margery
 62472 | Crypt:3  | Noticed Grunn
 62483 | Crypt:3  | Mangled by a doom hound

Illustrated notes

Levels and vault maps discovered:
D:1:      scummos_arrival_gate, layout_basic, hangedman_glass_teeth
D:2:      minmay_wonky_spiral, layout_basic, serial_bayou_pond_e,
          grunt_ministairs_2, hangedman_decor_push, minmay_misc_feat_pillars
D:3:      layout_basic, nicolae_yredelemnul_corpse_copse, elyvilon_altar_1,
          serial_shops, nicolae_shop_overgrown_old_shop, minmay_misc_feat_doors
D:4:      layout_rooms, mainiacjoe_overflow_six_doors_small,
          minmay_temple_entry_purple_smoke
D:5:      layout_basic, general_overflow_altar, nicolae_vehumet_altar_sigil,
          lemuel_tele_altar, kennysheep_mini, uniq_duvessa
D:6:      layout_loops_ring
D:7:      layout_basic, enter_bailey_5
D:8:      layout_loops_ring, nicolae_qazlal_scattered_showers,
          old_standard_altar, tgw_xom,
          nicolae_gozag_cash_rules_everything_around_me, serial_demonic,
          serial_demonic_e, serial_demonic_c, serial_demonic_f,
          serial_demonic_g, minmay_misc_feat_columns, corexii_corridor_pit,
          uniq_prince_ribbit1
D:9:      layout_basic, serial_shops, nicolae_square_shop
D:10:     layout_cave_pools, erik_orc_4, serial_shops, nicolae_shop_waterfront,
          nicolae_trove_entry_free_sample, uniq_lodul
D:11:     layout_basic, lair_entry_dummy
D:12:     layout_cave_pods, minmay_variable_closet
D:13:     layout_cross, hangedman_vaults_entry_quadrant_bands, uniq_maurice
D:14:     layout_grid_maze, hex_tiny, nicolae_hepliaklqana_hazy_memory
D:15:     hangedman_depths_entry_civil_slaughter, layout_grid_maze,
          serial_shops, bzr_entry_water, minmay_door_square
Temple:   bh_familiar_temple
Lair:1:   layout_chaotic_city, enter_volcano_3, uniq_nergalle
Lair:2:   layout_regular_city, minmay_shoals_entry_beasts,
          guppyfry_snake_entry_island, maelrawn_ghost_gauntlet_escape,
          grunt_megastairs_3, uniq_gastronok
Lair:3:   layout_long_grid, serial_bayou, serial_bayou_shore_b,
          serial_bayou_pond_d, serial_bayou_lagoon_b, serial_bayou_shore_a,
          wad_woods_03
Lair:4:   layout_regular_city, uniq_kirke, uniq_sonja
Lair:5:   minmay_lair_end_enchanted_forest, layout_layer_cave,
          dpeg_slime_entry_corner, lemuel_fruit_tree, lemuel_fruit_fields
Shoals:1: layout_shoals, serial_shops, nicolae_shop_advertising_works
          [nicolae_subvault_shop_adworks]
Shoals:2: layout_shoals, uniq_ilsuiw
Shoals:3: layout_shoals, serial_shops, shop, nicolae_shoals_hidden_pirate_stash,
          uniq_mlioglotl
Shoals:4: shoals_end_grunt_ice, layout_shoals, serial_shops, shop,
          nicolae_shoals_seven_spires, nicolae_shoals_lost_giant_amphitheater
Snake:1:  layout_gridlike, nicolae_triple_integral
Snake:2:  layout_gridlike, minmay_shoptagon, grunt_megastairs_1, uniq_vashnia,
          uniq_agnes, uniq_aizul
Snake:3:  layout_layer_cave, serial_shops, shop_statue
Snake:4:  snake_pit, layout_chambers, nicolae_snake_salamander_fort
Orc:1:    layout_diamond_mine, biasface_ghost_orc_armoury
Orc:2:    st_orc_elflike, layout_caves, gauntlet_entry_generic, serial_shops,
          shop_coins, basic_altar, gammafunk_ghost_grave
Elf:1:    elf_arrival_001, layout_loops_cross, serial_shops,
          nicolae_shop_bloodbath_and_beyond,
          hangedman_elven_crosses_minicolossus, nicolae_elf_variegated_diamond
Elf:2:    nicolae_elf_blades_crystal_corner, layout_geoelf_grid, serial_shops,
          shop, minivault_16, uniq_nikola
Elf:3:    minmay_elf_hall_dome, layout_rooms, guppyfry_library_mini
Vaults:1: mu_enter_wizlab_5, vaults_mumra_hex, v_misc_14,
          grunt_vaults_hallway_long, vaults_mumra_minichess_inversion,
          nicolae_vaults_angled_halls, dpeg_vaults_pockets_of_resistance,
          nicolae_vaults_theta, vaults_room_stairs_pillars, grunt_vaults_funnel,
          hangedman_vaults_trim, vaults_mumra_lcd, layout_vaults_omnicross
Vaults:2: v_misc_17, nicolae_vaults_diagonal_hallway_7, grunt_vaults_swirl,
          nicolae_vaults_mini_display_case, vaults_dpeg_cross,
          nicolae_vaults_gold_heap, ontoclasm_vaults_ring_small,
          hangedman_vaults_river_flow, hangedman_vaults_nails,
          grunt_tower_of_power, v_misc_8, ontoclasm_vaults_idyll,
          nicolae_vaults_rhombus_7, nicolae_vaults_triangles, v_pattern_2,
          layout_vaults_omnibox, uniq_mara
Vaults:3: nicolae_vaults_inception_network, v_alt_pattern_5,
          vaults_standard_mumra_x, v_misc_22, v_misc_11,
          nicolae_vaults_three_branches, nicolae_vaults_angled_halls,
          nicolae_vaults_big_ls, nicolae_vaults_diagonal_hallway_6,
          nicolae_vaults_twisting_passages, nicolae_vaults_little_squares_4,
          nicolae_vaults_circle_grid_a, nicolae_vaults_diagonal_hallway_6,
          vaults_dpeg_emergency_exit, layout_vaults_maze_bifur,
          dummy_crypt_entry
Vaults:4: gammafunk_ghost_spectres, vaults_dpeg_encased_lava, v_alt_pattern_1,
          grunt_vaults_hallway_long, layout_vaults_omnigrid, uniq_boris
Vaults:5
Crypt:1:  layout_misc_corridors, uniq_zenata
Crypt:2:  evilmike_wizard_prison, layout_basic, basic_altar,
          beargit_elvish_explorers
Crypt:3:  lightli_unholy_cathedral, layout_chaotic_city,
          tomb_entry_shell_bobbens, uniq_margery, uniq_grunn
Depths:1: layout_basic, minmay_crystal_room, hell_entry, interstate_on_off,
          nicolae_uskayaw_en_pointe, grunt_megastairs_5, uniq_asterion
Depths:2: grunt_twisty_corner, layout_cave_pools, lightli_too_deep,
          rand_demon_pan_entry_5, minmay_staircase_statues
Depths:3: minmay_sliced_demisemicircle, layout_cave_pools, enter_ziggurat_f,
          pf_hell_entry_tar_spiral, abyss_entry, pan_entry, serial_shops,
          nicolae_diamond_shop
Depths:4: evilmike_zot_entry_gauntlet, layout_cave_shapes,
          abyss_entry_flame_altar, hell_entry, minmay_shop_grove

Skill      XL: |  1  2  3  4  5  6  7  8  9 10 11 12 13 14 15 16 17 18 19 20 21 22 23 24 25 |
---------------+----------------------------------------------------------------------------+-----
Short Blades   | 4 5 6 11 12 14 | 14.0
Shields        | 1 2 3 4 7 14 15 | 15.0
Maces & Flails | 1 3 |  3.0
Fighting       | 2 3 5 8 9 10 12 14 15 | 15.0
Armour         | 1 2 5 7 8 10 13 14 | 14.2
Dodging        | 5 8 10 12 13 | 13.6
Invocations    | 1 4 7 12 13 14 15 | 15.4
Evocations     | 3 6 |  6.0
Stealth        | 7 10 | 10.0
Long Blades    | 10 13 16 18 22 25 | 25.2
Spellcasting   | 1 3 |  3.0
Transmutations | 5 11 12 | 12.8
Hexes          | 10 12 | 12.0
Throwing       | |  1.5

Action                   |  1- 3 |  4- 6 |  7- 9 | 10-12 | 13-15 | 16-18 | 19-21 | 22-24 | 25-27 || total
-------------------------+-------+-------+-------+-------+-------+-------+-------+-------+-------++-------
Melee: Rapier            |   136 |       |       |       |    27 |    96 |       |       |       ||   259
       Bite              |    11 |     5 |    19 |    78 |   140 |   308 |   320 |   330 |    33 ||  1244
       Punch             |     2 |       |       |       |       |       |       |       |       ||     2
       Morningstar       |     9 |   100 |   146 |   558 |   782 |   465 |       |       |       ||  2060
       Unarmed           |       |       |       |       |     1 |       |       |       |       ||     1
       Double sword      |       |       |       |       |       |  1261 |  1481 |  1576 |   173 ||  4491
       Headbutt          |       |       |       |       |       |       |   112 |   531 |    63 ||   706
Throw: Throwing net      |       |       |       |     7 |     2 |       |       |       |       ||     9
       Dart              |       |       |       |       |     4 |     4 |       |       |       ||     8
 Cast: Wereblood         |       |       |       |       |       |    19 |    52 |    56 |       ||   127
       Dazzling Flash    |       |       |       |       |       |     1 |    12 |     4 |       ||    17
       Cause Fear        |       |       |       |       |       |       |       |     1 |       ||     1
Invok: Minor Destruction |       |       |    37 |     1 |     6 |     4 |       |       |       ||    48
       Lesser Servant of |       |       |       |    11 |    13 |    37 |    15 |    22 |       ||    98
       Major Destruction |       |       |       |       |    14 |    41 |    27 |    32 |       ||   114
       Greater Servant o |       |       |       |       |       |     3 |    10 |    15 |     4 ||    32
 Abil: Evoke Invisibilit |       |       |       |       |       |     1 |       |       |       ||     1
       Exsanguinate      |       |       |       |       |       |       |       |     3 |       ||     3
       Revivify          |       |       |       |       |       |       |       |     2 |       ||     2
Evoke: Wand              |       |     2 |    12 |     8 |    48 |    56 |    13 |    20 |     1 ||   160
       Lightning rod     |       |       |       |       |     4 |    21 |    23 |    16 |       ||    64
       Tin of tremorston |       |       |       |       |     2 |     9 |    11 |    12 |     2 ||    36
       Phantom mirror    |       |       |       |       |       |       |     6 |     6 |       ||    12
       Box of beasts     |       |       |       |       |       |       |       |     3 |       ||     3
       Condenser vane    |       |       |       |       |       |       |       |     4 |     1 ||     5
  Use: Scroll            |     6 |     3 |     7 |    14 |    15 |    15 |    26 |    30 |     1 ||   117
       Potion            |       |     1 |     1 |     2 |     3 |     7 |    15 |    16 |       ||    45
 Stab: Sleeping          |     3 |       |       |    15 |    17 |     7 |     8 |    12 |     3 ||    65
       Held in net/web   |       |       |       |     2 |     1 |       |       |       |       ||     3
       Distracted        |       |       |       |     4 |    10 |    23 |    14 |    26 |     2 ||    79
       Invisible         |       |       |       |       |       |    23 |    10 |     2 |       ||    35
Armor: Leather armour    |    34 |       |       |       |       |       |       |       |       ||    34
       Ring mail         |    10 |    37 |    68 |    86 |       |       |       |       |       ||   201
       Acid dragon scale |       |       |       |    78 |   207 |       |       |       |       ||   285
       Scale mail        |       |       |       |       |    10 |   131 |       |       |       ||   141
       Chain mail        |       |       |       |       |       |   309 |   407 |   382 |       ||  1098
       Gold dragon scale |       |       |       |       |       |       |       |   170 |    71 ||   241
       Shadow dragon sca |       |       |       |       |       |       |       |    20 |       ||    20
Dodge: Dodged            |    87 |    43 |   156 |   407 |   707 |  1086 |   601 |   502 |    37 ||  3626
       Repelled          |       |       |     1 |     2 |     1 |    47 |     8 |       |       ||    59
Block: Buckler           |     6 |    35 |    95 |   449 |   771 |  1292 |   870 |   402 |       ||  3920
       Reflection        |       |     2 |     1 |    13 |    16 |   127 |    32 |    56 |       ||   247
       Kite shield       |       |       |       |       |       |       |       |   963 |   160 ||  1123

Table legend: (Time is in decaauts)
 A = Elapsed time spent in this place.
 B = Non-inter-level travel time spent in this place.
 C = Inter-level travel time spent in this place.
 D = Time resting spent in this place.
 E = Time spent auto-exploring this place.
 F = Levels seen in this place.
 G = Mean time per level.
                   A        B        C        D        E       F      G
               +--------+--------+--------+--------+--------+-----+--------+
         Total |  62565 |  57241 |   5324 |  12879 |  22307 |  51 | 1226.8 |
       Dungeon |  12946 |  11132 |   1814 |    720 |   6844 |  15 |  863.1 |
        Temple |    192 |    162 |     30 |      0 |    155 |   1 |  192.0 |
          Lair |   7641 |   6961 |    680 |   1137 |   3560 |   5 | 1528.2 |
        Shoals |   4205 |   3995 |    210 |   1169 |      0 |   4 | 1051.2 |
     Snake Pit |   7879 |   7010 |    869 |   2151 |   2313 |   4 | 1969.8 |
  Orcish Mines |   2036 |   1573 |    463 |     31 |    985 |   2 | 1018.0 |
   Elven Halls |   3769 |   3475 |    294 |    790 |   1067 |   3 | 1256.3 |
        Vaults |  10895 |  10357 |    538 |   3013 |   3151 |   5 | 2179.0 |
         Crypt |   3336 |   3145 |    191 |    739 |   1339 |   3 | 1112.0 |
        Depths |   6629 |   6397 |    232 |   2299 |   2283 |   4 | 1657.2 |
        Bazaar |     34 |     34 |      0 |      0 |      7 |   1 |   34.0 |
        Bailey |   1107 |   1107 |      0 |    274 |    334 |   1 | 1107.0 |
       Volcano |    839 |    839 |      0 |    294 |     48 |   1 |  839.0 |
        Wizlab |    726 |    726 |      0 |    238 |     65 |   1 |  726.0 |
      Gauntlet |    323 |    323 |      0 |     23 |    155 |   1 |  323.0 |
               +--------+--------+--------+--------+--------+-----+--------+

Top non-repeatable levels by time:
Vaults:5: 3071 daAuts
Depths:1: 2615 daAuts
Vaults:3: 2556 daAuts
 Snake:2: 2341 daAuts
  Lair:5: 2302 daAuts
 Snake:4: 2298 daAuts
Vaults:1: 1931 daAuts
Vaults:4: 1915 daAuts
Shoals:3: 1712 daAuts
   Elf:1: 1701 daAuts
 Snake:3: 1650 daAuts
 Crypt:2: 1642 daAuts
 Snake:1: 1589 daAuts
Depths:2: 1542 daAuts
  Lair:2: 1482 daAuts
